 Dungeon Crawl Stone Soup version 0.28-a0-1087-gf3fc490d9d (webtiles) character file.

Game seed: 18379662217892357578

310 yoda5477 the Chopper (level 6, -2/47 HPs)
             Began as a Demonspawn Fighter on Dec 10, 2021.
             Was an Initiate of Wu Jian.
             Slain by a hornet (9 damage)
             ... on level 4 of the Dungeon.
             The game lasted 00:16:21 (3310 turns).

yoda5477 the Chopper (Demonspawn Fighter)           Turns: 3310, Time: 00:16:22

Health: -2/47      AC: 13    Str: 19    XL:     6   Next: 18%
Magic:  6/6        EV:  7    Int:  9    God:    Wu Jian [......]
Gold:   190        SH:  4    Dex: 12    Spells: 5/5 levels left

rFire   . . .      SeeInvis .   u - +6 flail
rCold   . . .      Faith    .   c - +0 buckler
rNeg    . . .      Spirit   .   s - +0 chain mail
rPois   .          Reflect  .   (no helmet)
rElec   .          Harm     .   (no cloak)
rCorr   +          Rampage  .   (no gloves)
Will    .....                   e - +0 pair of boots
Stlth   ..........              g - amulet of regeneration
HPRegen 0.95/turn               t - ring of resist corrosion
MPRegen 0.10/turn               (no ring)

@: lethally poisoned (-2 -> -14), slowed, very slow
A: icy blue scales 2, foul stench 1
a: Renounce Religion


You were on level 4 of the Dungeon.
You worshipped Wu Jian.
Wu Jian was noncommittal.
You visited 2 branches of the dungeon, and saw 5 of its levels.

You collected 190 gold pieces.

Inventory:

Hand Weapons
 a - a +0 war axe
 u - a +6 flail (weapon)
Missiles
 j - 92 sling bullets
 k - 77 stones (quivered)
 n - 24 bolts
 v - 18 arrows
Armour
 b - a +0 scale mail
 c - a +0 buckler (worn)
 e - a +0 pair of boots (worn)
 s - a +0 chain mail (worn)
Jewellery
 g - an amulet of regeneration (around neck)
 q - an amulet of magic regeneration
 t - a ring of resist corrosion (left hand)
Scrolls
 l - a scroll of noise {unknown}
 m - a scroll of brand weapon {unknown}
 p - 2 scrolls of identify {unknown}
Potions
 d - a potion of might
 f - 2 potions of degeneration {unknown}
 h - 2 potions of curing {unknown}
 i - a potion of haste {unknown}
 o - a potion of berserk rage {unknown}
 w - a potion of brilliance {unknown}


   Skills:
 - Level 3.0 Fighting
 * Level 5.6 Axes
 - Level 2.6 Armour
 + Level 3.4 Shields


You had 5 spell levels left.
You didn't know any spells.
Your spell library contained the following spells:

 Spells                   Type           Power      Damage    Failure   Level
 Summon Forest            Summ/Tloc      0%         N/A       100%        5
 Eringya's Noxious Bog    Tmut/Pois      0%         N/A       100%        6
 Summon Hydra             Summ           0%         N/A       100%        7


Dungeon Overview and Level Annotations

Branches:
Dungeon (4/15)             Temple (1/1) D:4

Altars:
Ashenzari
Cheibriados
Dithmenos
Elyvilon
Fedhas
Gozag
Hepliaklqana
Kikubaaqudgha
Makhleb
Nemelex Xobeh
Qazlal
Ru
Sif Muna
Trog
Uskayaw
Vehumet
Wu Jian
Xom
Yredelemnul
Zin
The Shining One


Innate Abilities, Weirdness & Mutations

You are mostly covered in icy blue scales. (AC +3)
You may rarely emit foul miasma when damaged in melee.


Message History

The goblin moves out of view.
You thump the goblin!
You kill the goblin!
The Council accepts your kill.
No target in view!
You see here a +0 club.
j - 92 sling bullets (gained 16)
You now have 190 gold pieces (gained 13).
k - 77 stones (gained 24)
A hornet comes into view.
The hornet buzzes angrily.
Press: ? - help, v - describe, . - travel
Here: a hornet The floor.
Throw: throwing net
Press: ? - help, Q - select action, (/) - cycle Shift-Dir - straight line, f - hornet
Aim: a hornet (39% to hit)
You throw a throwing net.
The throwing net barely misses the hornet.
You block the hornet's attack.
You hit the hornet but do no damage. The hornet stings you!
You are poisoned.
You feel yourself slow down. The hornet stings you.
You are more poisoned.
You feel as though you will be slow longer.
You sock the hornet!
The hornet is moderately wounded.
You feel extremely sick. You block the hornet's attack.
The hornet stings you but does no damage.
The hornet stings you!
You are lethally poisoned!
You feel as though you will be slow longer.
You miss the hornet.
The hornet is moderately wounded.
* * * LOW HITPOINT WARNING * * *
You feel extremely sick.
The hornet stings you but does no damage.
The hornet stings you!
You die...

#......#...#
.#####.......#.# #
(.........#...# .. #
######.....#..#.... # ##+##
#..#...###.... ##...##
#...#..#..#.. #...<.#
##...###...#.# #....†..#
##y.#...#...#
###.........###.@#.....#..#
..+.........+...........#
###.........###..#.....#..#
##.......## #...#)..#...#
##.....## ##...###...#.# .
##...## #..#..#..#.. .#
#'########.#...###.... #
#........#....#..#....
#..#####.#...#...# ...


You could see a hornet.

Vanquished Creatures
  A necrophage (D:4)
  A bullfrog skeleton (D:4)
  4 gnolls (D:3)
  8 adders
  2 worms
  2 dart slugs (D:1)
  3 orcs (D:3)
  5 bats
  6 endoplasms
  2 giant cockroaches
  3 goblins
  9 hobgoblins
  5 kobolds
  A quokka (D:3)
  17 ball pythons
  2 frilled lizards (D:2)
  5 rats
76 creatures vanquished.

Vanquished Creatures (others)
  5 plants (D:3)
5 creatures vanquished.

Grand Total: 81 creatures vanquished

Notes
Turn   | Place    | Note
-------+----------+-------------------------------------------
     0 | D:1      | yoda5477 the Demonspawn Fighter began the quest for the
                  | Orb.
     0 | D:1      | Reached XP level 1. HP: 18/18 MP: 1/1
   162 | D:1      | Reached skill level 2 in Axes
   170 | D:1      | Found a faded altar of an unknown god.
   183 | D:1      | Gained mutation: You are partially covered in icy blue
                  | scales. (AC +2) [demonic ancestry]
   183 | D:1      | Reached XP level 2. HP: 21/24 MP: 2/2
   778 | D:2      | Gained mutation: You are mostly covered in icy blue scales.
                  | (AC +3) [demonic ancestry]
   778 | D:2      | Reached XP level 3. HP: 29/29 MP: 3/3
   920 | D:2      | Reached skill level 3 in Axes
  1299 | D:2      | Reached XP level 4. HP: 35/35 MP: 4/4
  1849 | D:3      | Reached skill level 4 in Axes
  1895 | D:3      | Reached XP level 5. HP: 37/41 MP: 5/5
  2802 | D:4      | Found a staircase to the Ecumenical Temple.
  2806 | D:4      | Noticed a necrophage
  2812 | Temple   | Entered the Ecumenical Temple
  2960 | Temple   | Became a worshipper of the Wu Jian Council
  3148 | D:4      | Killed a necrophage
  3149 | D:4      | Reached skill level 5 in Axes
  3149 | D:4      | Gained mutation: You may rarely emit foul miasma when
                  | damaged in melee. [demonic ancestry]
  3149 | D:4      | Reached XP level 6. HP: 44/47 MP: 6/6
  3300 | D:4      | Noticed a hornet
  3310 | D:4      | Slain by a hornet

Illustrated notes

Levels and vault maps discovered:
D:1:      onia_arrival_pyramid, layout_loops_cross,
          hellmonk_ecumenical_altar_arch_garden, kennysheep_crisscross
D:2:      minmay_evil_eye, layout_basic, nicolae_figureground_sparkle
D:3:      layout_loops_ring, chequers_big_river
D:4:      layout_loops_corners, minmay_temple_entry_statues_pillars,
          serial_shops, kennysheep_mini_moat, amcnicky_mini_corridor_feature,
          st_stairs_2, minmay_splitting_lines
Temple:   mainiacjoe_temple_circle_huts

Skill      XL: |  1  2  3  4  5 |
---------------+----------------+-----
Axes           | 2 3 4 5 |  5.6
Shields        | 3 |  3.4
Fighting       | |  3.0
Armour         | |  2.6

Action                   |  1- 3 |  4- 6 || total
-------------------------+-------+-------++-------
Melee: War axe           |   116 |    63 ||   179
       Flail             |       |    45 ||    45
Throw: Throwing net      |       |     2 ||     2
Armor: Scale mail        |    57 |    26 ||    83
       Chain mail        |       |    34 ||    34
Dodge: Dodged            |    60 |    32 ||    92
Block: Buckler           |    23 |    24 ||    47

Table legend: (Time is in decaauts)
 A = Elapsed time spent in this place.
 B = Non-inter-level travel time spent in this place.
 C = Inter-level travel time spent in this place.
 D = Time resting spent in this place.
 E = Time spent auto-exploring this place.
 F = Levels seen in this place.
 G = Mean time per level.
                   A        B        C        D        E       F      G
               +--------+--------+--------+--------+--------+-----+--------+
         Total |   3401 |   3292 |    109 |     55 |   2161 |   5 |  680.2 |
       Dungeon |   3074 |   2990 |     84 |     55 |   1894 |   4 |  768.5 |
        Temple |    326 |    301 |     25 |      0 |    267 |   1 |  326.0 |
               +--------+--------+--------+--------+--------+-----+--------+

Top non-repeatable levels by time:
     D:3: 1023 daAuts
     D:2: 1015 daAuts
     D:1: 760 daAuts
  Temple: 326 daAuts
     D:4: 274 daAuts
